 Dungeon Crawl Stone Soup version 0.17-b1-25-g6d8775f (webtiles) character file.

107018 4thArraOfDagon the Severer (level 15, -6/119 HPs)
             Began as a Demonspawn Gladiator on Nov 5, 2015.
             Was the Champion of Cheibriados.
             Mangled by a greater naga
             ... wielding a +0 whip
              (7 damage)
             ... on level 4 of the Snake Pit.
             The game lasted 01:07:43 (9157 turns).

4thArraOfDagon the Severer (Demonspawn Gladiator)   Turns: 9157, Time: 01:07:44

Health: -6/119     AC: 12    Str: 33    XL:     15   Next: 99%
Magic:  21/21      EV: 22    Int: 29    God:    Cheibriados [******]
Gold:   2216       SH:  0    Dex: 34    Spells: 4 memorised, 8 levels left

rFire  + . .     SeeInvis .     k - +2 war axe (elec)
rCold  + . .     Clarity  +     L - +2 robe {rN+}
rNeg   + . .     SustAt   .     (no shield)
rPois  .         Gourm    .     (helmet unavailable)
rElec  +         Spirit   .     h - +1 cloak
rCorr  .         Warding  .     P - +1 pair of gloves "Xahox" {rC+ Str+2}
rMut   .         Stasis   .     (no boots)
MR     +....                    c - amulet of clarity
Stlth  +++.......               Y - ring of Ciat {Dex+4 Slay+4}
                                u - ring of wizardry

@: lethally poisoned (-6 -> -6), constricted, very slow, somewhat resistant to
hostile enchantments, fairly stealthy
A: horns 3, thin metallic scales 3, blurry vision 1, fire resistance 1, foul
stench 1, low mp 1, powered by death 3, rot immunity, MP-powered wands
a: Bend Time, Temporal Distortion, Slouch, Step From Time, Renounce Religion


You were on level 4 of the Snake Pit.
You worshipped Cheibriados.
Cheibriados was exalted by your worship.
You were not hungry.

You visited 5 branches of the dungeon, and saw 34 of its levels.
You also visited: Labyrinth, Trove, Bailey, Ice Cave and Volcano.

You collected 3218 gold pieces.
You spent 1002 gold pieces at shops.

Inventory:

Hand Weapons
 k - a +2 war axe of electrocution (weapon)
 A - a +1 battleaxe
 J - a +0 broad axe
 Q - a +0 blowgun
Missiles
 y - a throwing net (quivered)
 R - 4 curare-tipped needles
Armour
 h - a +1 cloak (worn)
 p - a +2 chain mail of poison resistance
 L - a +2 robe of positive energy (worn)
 P - the +1 pair of gloves "Xahox" (worn) {rC+ Str+2}
   (You found it on level 8 of the Lair of Beasts)

   It affects your strength (+2).
   It protects you from cold.
Jewellery
 c - an amulet of clarity (around neck)
 u - a ring of wizardry (left hand)
 C - a +4 ring of strength
 D - an uncursed amulet of resist mutation
 G - an uncursed ring of sustain attributes
 Y - the ring of Ciat (right hand) {Dex+4 Slay+4}
   (You found it in a treasure trove)

   [ring of dexterity]

   It affects your dexterity (+4).
   It affects your accuracy and damage with ranged weapons and melee attacks
   (+4).
Wands
 a - a wand of disintegration (11)
 n - a wand of cold (0)
 I - a wand of random effects (19)
 K - a wand of teleportation (8)
 S - a wand of cold (3)
 X - a wand of cold (8)
Scrolls
 i - 6 scrolls of enchant weapon
 m - 5 scrolls of teleportation
 r - 3 scrolls of summoning
 s - a scroll of holy word
 w - 3 scrolls of immolation
 B - 2 scrolls of magic mapping
 H - 8 scrolls of remove curse
 M - a scroll of fog
 U - a scroll of fear
Potions
 b - 2 potions of magic
 d - 2 potions of agility
 j - 7 potions of curing
 o - 5 potions of might
 z - 5 potions of brilliance
 F - 5 potions of flight
 O - 4 potions of lignification
 T - 2 potions of resistance
 V - a potion of ambrosia
 Z - a potion of berserk rage
Miscellaneous
 f - a lamp of fire
 g - a phantom mirror
 t - a sack of spiders {used: 1}
Comestibles
 e - 9 bread rations
 l - 7 meat rations
 q - 2 slices of pizza
 v - 2 royal jellies
 x - 21 beef jerkies
 E - 14 fruits


   Skills:
 - Level 11.3 Fighting
 - Level 15.0 Axes
 - Level 1.7 Throwing
 - Level 4.6 Armour
 - Level 10.1 Dodging
 - Level 5.4 Spellcasting
 - Level 8.5 Translocations
 * Level 7.5 Transmutations
 * Level 7.2 Earth Magic
 - Level 11.6 Invocations


You had 8 spell levels left.
You knew the following spells:

 Your Spells              Type           Power        Failure   Level  Hunger
a - Apportation           Tloc           ######....   1%          1    None
b - Passage of Golubria   Tloc           N/A          1%          4    ###....
c - Phase Shift           Tloc           ######....   3%          5    #####..
d - Statue Form           Trmt/Erth      ######...    22%         6    ######.


Dungeon Overview and Level Annotations

Branches:
Dungeon (15/15)            Temple (0/1) D:5            Lair (8/8) D:10
  Swamp (0/4) Lair:3        Snake (4/4) Lair:4        Slime (0/6) Lair:7
    Orc (4/4) D:10            Elf (3/3) Orc:4
 Vaults: D:13-14     Depths: D:15

Altars:
Cheibriados
Fedhas
Vehumet
Xom
The Shining One

Shops:
D:6 [!   Orc:4 !?:!

Annotations:
D:4 Natasha
D:13 VAULTS


Innate Abilities, Weirdness & Mutations

You have a pair of large horns on your head.
You are completely covered in thin metallic scales (AC +4, rElec).
You may emit foul miasma when damaged in melee.
You regenerate a lot of health from kills.
You are immune to rotting.
Scrolls take you a little longer to read.
Your flesh is heat resistant.
Your magical capacity is low (-10% MP).
You expend magic power (3 MP) to strengthen your wands.


Message History

The bolt burns you.
* * * LOW HITPOINT WARNING * * *
A naga and a greater naga come into view.
You see here a bolt.
Unknown command.
Unknown command.
Unknown command.
Unknown command.
Unknown command.
Read which item? (? for menu, Esc to quit)
Okay, then.
Read which item? (? for menu, Esc to quit)
Really read with blurry vision while enemies are nearby?
You feel sick.
The greater naga shouts!
The greater naga hits you with a whip!!
* * * LOW HITPOINT WARNING * * *
The greater naga looks sick.
You emit a cloud of foul miasma!
The greater naga grabs you.
You die...

.#..N.. #.....N....
#..N..N... #..NN.N...
#..NN.N... .N.N.... #
#### #####...#
#.#...##)).(..#N##
#.#...#)##...##@#
#.....)#.###..N##
##.....(#.###.N#
##.#....##.....# ....
##..#...##.....# ...#
#..
##..#...##....##.....
#...
##.##...###...#...#
##... # ##
###...###.#...###...#
####......#...##...###


You could see a naga warrior, 2 greater nagas, 2 naga sharpshooters, 3 naga magi
and 2 nagas.

Vanquished Creatures
  Gastronok (Lair:2)
  Agnes (Snake:1)
  The ghost of l0ser140 the Carver, an adept HuFi of Okawaru (Snake:1)
  A deep elf sorcerer (Elf:3)
  A minotaur (Lab)
  2 deep elf death magi (Elf:1)
  Erolcha (D:9)
  An ettin (Orc:4)
  5 vault guards (Elf:3)
  2 hydras
  2 ogre magi (Orc:4)
  4 naga warriors
  2 centaur warriors
  2 anacondas
  The ghost of radek the Infuser, a journeyman DECj of Vehumet (D:11)
  An orc high priest (Orc:3)
  A naga sharpshooter (Snake:4)
  Sonja (Orc:2)
  A small abomination (Elf:1)
  Nergalle (Lair:2)
  3 shock serpents
  4 skeletal warriors (D:15)
  8 deep elf summoners
  2 deep trolls (Orc:4)
  9 deep elf knights
  6 hill giants
  3 unseen horrors
  Pikel (D:7)
  3 orc knights
  A naga ritualist (Snake:4)
  A mana viper (Snake:1)
  9 deep elf conjurers
  5 ugly things
  14 black mambas
  5 salamanders
  An orc sorcerer (Orc:3)
  A guardian serpent (Snake:1)
  8 elephants
  A torpor snail (Lair:6)
  2 naga magi (Snake:3)
  6 cyclopes
  A gargoyle (D:12)
  5 spiny frogs
  2 kobold demonologists
  11 trolls
  The ghost of 4thArraOfDagon the Ruffian, an amateur MiMo (D:6)
  A fire drake (Lair:8)
  8 polar bears (Lair:8)
  4 deep elf priests
  3 komodo dragons
  A merfolk (shapeshifter) (D:14)
  A raiju (Lair:8)
  Prince Ribbit (D:5)
  8 two-headed ogres
  A boulder beetle (Lair:7)
  2 trapdoor spiders
  5 blink frogs (Lair:7)
  A spriggan (shapeshifter) (D:14)
  17 deep elf magi
  29 yaks
  A steam dragon (D:9)
  A wyvern (D:9)
  12 deep elf fighters
  6 hippogriffs
  Grum (D:10)
  3 fire elementals (Volcano)
  3 hungry ghosts
  Menkaure (D:6)
  2 mottled dragons
  14 wolves
  16 nagas
  9 wargs
  5 porcupines
  5 sky beasts
  15 water moccasins
  13 black bears
  5 hell hounds (Lair:8)
  10 centaurs
  18 orc warriors
  An eye of draining (D:13)
  2 phantoms
  4 ice beasts
  A wasp (D:13)
  2 slaves (D:6)
  26 ogres
  9 crocodiles
  14 giant frogs
  2 brain worms
  17 killer bees
  3 scorpions
  14 wights
  3 centaur zombies
  6 crimson imps
  17 hounds
  2 giant frog zombies (D:11)
  13 orc priests
  A centaur skeleton (D:5)
  12 orc wizards
  6 iguanas
  Natasha (D:4)
  6 worker ants
  19 sheep
  A hound zombie (D:5)
  5 hound skeletons
  12 adders
  6 gnolls
  A shadow imp (D:6)
  50 river rats
  12 white imps (D:11)
  2 adder skeletons
  6 giant geckos
  105 orcs
  3 hobgoblins
  15 jackals
  14 kobolds
  5 quokkas
  A ball python (D:4)
  2 giant cockroaches (D:5)
  A giant gecko zombie (D:5)
  6 goblins
  A quokka skeleton (D:5)
  A quokka zombie (D:7)
  A fire vortex (Volcano)
  4 fungi
  3 plants (Lair:8)
805 creatures vanquished.

Vanquished Creatures (others)
  A giant frog (D:11)
  A fire vortex (Volcano)
  5 fungi
  3 plants (Lair:8)
10 creatures vanquished.

Grand Total: 815 creatures vanquished

Notes
Turn   | Place    | Note
--------------------------------------------------------------
     0 | D:1      | 4thArraOfDagon the Demonspawn Gladiator began the quest for the Orb.
     0 | D:1      | Reached XP level 1. HP: 16/16 MP: 1/1
   129 | D:3      | Gained mutation: You are partially covered in thin metallic scales (AC +2). [demonic ancestry]
   129 | D:3      | Reached XP level 2. HP: 20/22 MP: 2/2
   145 | D:3      | Reached skill level 3 in Axes
   193 | D:3      | Gained mutation: You regenerate a little health from kills. [demonic ancestry]
   193 | D:3      | Reached XP level 3. HP: 24/28 MP: 3/3
   276 | D:3      | Noticed Natasha
   314 | D:3      | Reached XP level 4. HP: 20/34 MP: 4/4
   410 | D:5      | Entered Level 5 of the Dungeon
   448 | D:4      | Noticed a giant frog
   457 | D:4      | Killed a giant frog
   457 | D:4      | Reached skill level 4 in Axes
   457 | D:4      | Gained mutation: You regenerate health from kills. [demonic ancestry]
   457 | D:4      | Reached XP level 5. HP: 32/41 MP: 5/5
   463 | D:4      | Found a blossoming altar of Fedhas.
   463 | D:4      | Found a snail-covered altar of Cheibriados.
   471 | D:4      | Became a worshipper of Cheibriados the Contemplative
   523 | D:4      | Killed Natasha
   637 | D:4      | Noticed Natasha
   641 | D:4      | Noticed a scorpion
   646 | D:5      | Noticed a phantom
   698 | D:5      | Found a staircase to the Ecumenical Temple.
   704 | D:5      | Killed a phantom
   704 | D:5      | Reached skill level 5 in Axes
   704 | D:5      | Gained mutation: You are immune to rotting. [demonic ancestry]
   704 | D:5      | Reached XP level 6. HP: 45/47 MP: 6/6
   738 | D:5      | Noticed an ogre
   748 | D:5      | Killed an ogre
   800 | D:5      | Reached * piety under Cheibriados
   835 | D:5      | Noticed an ice beast
   836 | D:5      | Noticed a two-headed ogre
   839 | D:5      | Killed an ice beast
   839 | D:5      | Gained mutation: You are mostly covered in thin metallic scales (AC +3). [demonic ancestry]
   839 | D:5      | Reached XP level 7. HP: 54/54 MP: 7/7
   841 | D:5      | Killed a two-headed ogre
   841 | D:5      | Reached skill level 6 in Axes
  1014 | D:6      | Noticed Prince Ribbit
  1014 | D:6      | Noticed Menkaure
  1049 | D:5      | Gained mutation: You may emit foul miasma when damaged in melee. [demonic ancestry]
  1049 | D:5      | Reached XP level 8. HP: 44/61 MP: 8/8
  1069 | D:5      | Killed Prince Ribbit
  1069 | D:5      | Reached skill level 5 in Fighting
  1069 | D:5      | Reached skill level 7 in Axes
  1069 | D:5      | Reached skill level 5 in Dodging
  1178 | D:6      | Reached ** piety under Cheibriados
  1203 | D:6      | Noticed Pikel
  1208 | D:6      | Noticed 4thArraOfDagon's ghost (amateur MiMo)
  1210 | D:6      | Why
  1221 | D:6      | Reached skill level 1 in Invocations
  1395 | D:7      | Reached skill level 8 in Axes
  1437 | D:7      | Gained mutation: You have a pair of small horns on your head. [demonic ancestry]
  1437 | D:7      | Reached XP level 9. HP: 69/69 MP: 11/11
  1478 | D:7      | Reached *** piety under Cheibriados
  1598 | D:7      | Killed Pikel
  1615 | D:6      | Killed 4thArraOfDagon's ghost
  1671 | D:6      | Killed Menkaure
  1681 | D:6      | Found Kaeturr's Distillery.
  1696 | D:6      | Bought a potion of mutation for 32 gold pieces
  1696 | D:6      | Bought a potion of poison for 13 gold pieces
  1696 | D:6      | Bought a potion of degeneration for 13 gold pieces
  1698 | D:6      | Gained mutation: You have a pair of horns on your head. [potion of mutation]
  1698 | D:6      | Gained mutation: You expend magic power (3 MP) to strengthen your wands. [potion of mutation]
  1698 | D:6      | Gained mutation: Your magical capacity is low (-10% MP). [potion of mutation]
  1699 | D:6      | :(
  1795 | D:6      | Found Fukh's Armour Boutique.
  1872 | D:8      | Reached skill level 9 in Axes
  2007 | D:9      | Reached skill level 5 in Invocations
  2009 | D:9      | Reached **** piety under Cheibriados
  2064 | D:9      | Noticed Erolcha
  2092 | D:9      | Killed Erolcha
  2092 | D:9      | Gained mutation: You have a pair of large horns on your head. [demonic ancestry]
  2092 | D:9      | Reached XP level 10. HP: 52/79 MP: 8/13
  2138 | D:10     | Entered Level 10 of the Dungeon
  2158 | D:10     | Got a distressingly furry robe
  2196 | D:10     | Identified the Catalogue of the Compass
  2215 | D:10     | Learned a level 1 spell: Apportation
  2220 | D:10     | Learned a level 4 spell: Passage of Golubria
  2255 | D:10     | Reached skill level 10 in Axes
  2255 | D:10     | Reached skill level 1 in Translocations
  2262 | D:10     | Noticed Grum
  2273 | D:10     | Killed Grum
  2274 | D:10     | Reached skill level 1 in Spellcasting
  2318 | D:10     | Noticed a hill giant
  2328 | D:10     | Killed a hill giant
  2360 | D:10     | Found a staircase to the Orcish Mines.
  2396 | D:10     | Found a staircase to the Lair.
  2424 | D:10     | Noticed a hill giant
  2424 | D:10     | Reached ***** piety under Cheibriados
  2432 | D:10     | Killed a hill giant
  2453 | D:10     | Killed an unseen horror
  2453 | D:10     | Mutation became permanent: You have a pair of large horns on your head. [demonic ancestry]
  2453 | D:10     | Reached XP level 11. HP: 86/86 MP: 15/15
  2476 | D:10     | Noticed an orc knight
  2491 | D:10     | Killed an orc knight
  2635 | D:11     | Noticed a hill giant
  2635 | D:11     | Noticed radek's ghost (journeyman DECj)
  2644 | D:11     | Killed a hill giant
  2651 | D:11     | Killed radek's ghost
  2683 | D:10     | Noticed a hill giant
  2689 | D:10     | Killed a hill giant
  2760 | D:11     | Found a frozen archway.
  2781 | IceCv    | Entered an ice cave
  2849 | D:11     | Noticed a hill giant
  2898 | D:11     | Reached skill level 11 in Axes
  2934 | D:11     | Killed a hill giant
  2974 | D:10     | Noticed a white ugly thing
  2977 | D:10     | Killed a white ugly thing
  3044 | D:11     | Reached skill level 5 in Translocations
  3204 | D:13     | Noticed a vault guard
  3226 | D:13     | Gained mutation: You regenerate a lot of health from kills. [demonic ancestry]
  3226 | D:13     | Reached XP level 12. HP: 94/94 MP: 13/16
  3236 | D:13     | Noticed a centaur warrior
  3238 | D:13     | Killed a centaur warrior
  3238 | D:13     | Reached ****** piety under Cheibriados
  3364 | D:14     | Noticed a centaur warrior
  3372 | D:14     | Killed a centaur warrior
  3519 | D:15     | Entered Level 15 of the Dungeon
  3966 | D:14     | Reached skill level 12 in Axes
  4163 | D:12     | Killed an unseen horror
  4295 | Orc:1    | Entered Level 1 of the Orcish Mines
  4418 | Orc:2    | Found a flagged portal.
  4427 | Orc:2    | Noticed Sonja
  4427 | Bailey   | Entered a bailey
  4572 | Orc:2    | Killed Sonja
  4646 | Orc:4    | Entered Level 4 of the Orcish Mines
  4646 | Orc:4    | Found a shimmering altar of Xom.
  4653 | Orc:4    | Reached XP level 13. HP: 101/101 MP: 18/18
  4657 | Orc:4    | Reached skill level 10 in Invocations
  4707 | Orc:4    | Found Roeghac's Magic Scroll Boutique.
  4708 | Orc:4    | Found Faohiv's Distillery.
  4721 | Orc:4    | Noticed an ogre mage
  4728 | Orc:4    | Noticed an ettin
  4742 | Orc:4    | Killed an ettin
  4749 | Orc:4    | Reached skill level 5 in Spellcasting
  4752 | Orc:4    | Killed an ogre mage
  4790 | Orc:4    | Found Dybbili's Distillery.
  4798 | Orc:4    | Found Silurhim's Book Shop.
  4801 | Orc:4    | Noticed an ogre mage
  4812 | Orc:4    | Killed an ogre mage
  4812 | Orc:4    | Reached skill level 10 in Fighting
  4819 | Orc:4    | :(
  4826 | Orc:4    | Bought a potion of lignification for 45 gold pieces
  4826 | Orc:4    | Bought a potion of lignification for 45 gold pieces
  4826 | Orc:4    | Bought a potion of lignification for 45 gold pieces
  4826 | Orc:4    | Bought a potion of might for 60 gold pieces
  4826 | Orc:4    | Bought a potion of heal wounds for 75 gold pieces
  4826 | Orc:4    | Bought a potion of brilliance for 60 gold pieces
  4826 | Orc:4    | Bought a potion of brilliance for 60 gold pieces
  4832 | Orc:4    | Bought a potion of might for 60 gold pieces
  4837 | Orc:4    | Bought a scroll of magic mapping for 52 gold pieces
  4837 | Orc:4    | Bought a scroll of enchant armour for 112 gold pieces
  4842 | Orc:4    | Bought a potion of curing for 45 gold pieces
  4842 | Orc:4    | Bought a potion of brilliance for 60 gold pieces
  4842 | Orc:4    | Bought a potion of ambrosia for 120 gold pieces
  4842 | Orc:4    | Bought a potion of curing for 45 gold pieces
  4842 | Orc:4    | Bought a potion of brilliance for 60 gold pieces
  4843 | Orc:4    | Identified the +3 robe "Byheh" {Stlth+} (You found it on level 10 of the Dungeon)
  5055 | Orc:4    | Found a staircase to the Elven Halls.
  5061 | Elf:1    | Entered Level 1 of the Elven Halls
  5231 | Elf:1    | Reached skill level 13 in Axes
  5479 | Elf:1    | Reached XP level 14. HP: 91/111 MP: 9/20
  5556 | Elf:1    | Reached skill level 10 in Dodging
  5672 | Elf:3    | Entered Level 3 of the Elven Halls
  5728 | Elf:3    | Noticed a deep elf sorcerer
  5740 | Elf:3    | Reached skill level 1 in Armour
  5746 | Elf:3    | Killed a deep elf sorcerer
  5746 | Elf:3    | Reached skill level 14 in Axes
  5829 | Elf:3    | Found a portal to a secret trove of treasure.
  5834 | Trove    | Entered a treasure trove
  5844 | Trove    | Got a smoking jade ring
  5852 | Trove    | Identified the ring of Ciat {Dex+4 Slay+4} (You found it in a treasure trove)
  6470 | Lair:1   | Entered Level 1 of the Lair of Beasts
  6487 | Lair:2   | Noticed Gastronok
  6497 | Lair:2   | Killed Gastronok
  6544 | Lair:2   | Noticed Nergalle
  6573 | Lair:2   | Killed Nergalle
  6719 | Lair:3   | Found a labyrinth entrance.
  6731 | Lab      | Entered a labyrinth
  6956 | Lab      | Identified a +2 pair of boots of running (You found it in a labyrinth)
  6970 | Lab      | Learned a level 5 spell: Phase Shift
  6979 | Lab      | Identified Sif Muna's Incunabulum of Earthen Stolen Souls (You found it in a labyrinth)
  6987 | Lab      | Learned a level 6 spell: Statue Form
  7279 | Lair:4   | Found a staircase to the Snake Pit.
  7285 | Lair:4   | Reached skill level 1 in Earth Magic
  7286 | Lair:4   | Reached skill level 1 in Transmutations
  7426 | Lair:6   | Gained mutation: You are completely covered in thin metallic scales (AC +4, rElec). [demonic ancestry]
  7426 | Lair:6   | Reached XP level 15. HP: 84/119 MP: 21/21
  7570 | Lair:7   | Found a dark tunnel.
  7579 | Volcano  | Entered a volcano
  7676 | Lair:7   | Gained mutation: Scrolls take you a little longer to read. [potion of mutation]
  7676 | Lair:7   | Gained mutation: Your flesh is heat resistant. [potion of mutation]
  7811 | Lair:8   | Entered Level 8 of the Lair of Beasts
  7986 | Lair:8   | Got a pair of heavily runed gloves
  7989 | Lair:8   | Identified the +1 pair of gloves "Xahox" {rC+ Str+2} (You found it on level 8 of the Lair of Beasts)
  8062 | Lair:8   | Reached skill level 15 in Axes
  8120 | Lair:7   | Found a glowing golden altar of the Shining One.
  8267 | Lair:6   | Reached skill level 5 in Transmutations
  8346 | Snake:1  | Entered Level 1 of the Snake Pit
  8375 | Snake:1  | Noticed l0ser140's ghost (adept HuFi)
  8394 | Snake:1  | Reached skill level 5 in Earth Magic
  8395 | Snake:1  | Killed l0ser140's ghost
  8547 | Snake:1  | Noticed Agnes
  8554 | Snake:1  | Killed Agnes
  8965 | Snake:3  | Found a radiant altar of Vehumet.
  8984 | Snake:4  | Entered Level 4 of the Snake Pit
  9152 | Snake:4  | Noticed a greater naga
  9157 | Snake:4  | Noticed a greater naga
  9157 | Snake:4  | HP: 1/119 [greater naga/whip (21)]
  9157 | Snake:4  | Mangled by a greater naga

Action                   |  1- 3 |  4- 6 |  7- 9 | 10-12 | 13-15 || total
-------------------------+-------+-------+-------+-------+-------++-------
Melee: War axe           |    70 |   120 |   218 |   458 |   905 ||  1771
Throw: Throwing net      |       |     3 |     2 |       |       ||     5
 Cast: Apportation       |       |       |       |     3 |   107 ||   110
       Passage of Golubr |       |       |       |     3 |    10 ||    13
Invok: Slouch            |       |       |       |     2 |     8 ||    10
       Step From Time    |       |       |       |       |     1 ||     1
Evoke: Wand              |     2 |     2 |     3 |     1 |     6 ||    14
       Sack of spiders   |       |       |       |       |     3 ||     3
  Use: Potion            |     1 |     1 |     2 |     3 |    10 ||    17
       Scroll            |       |     5 |     5 |     7 |    25 ||    42
 Stab: Held in net/web   |       |       |     2 |       |       ||     2
       Invisible         |       |       |       |     8 |       ||     8
       Distracted        |       |       |       |     1 |     1 ||     2
       Sleeping          |       |       |       |       |     1 ||     1
  Eat: Chunk             |       |       |     3 |     7 |    11 ||    21
       Bread ration      |       |       |       |       |     1 ||     1
